AoeStats
← Green Assassin

African Clearing

505301900Analyzed
4v4 RM · 23d ago on Sep 8, 2026· 26m 6s· 8 players
Game mode
Random Map
Map size
Large (8 player)
Population
200
Speed
Normal
Resources
Standard
Victory
Conquest
Starting age
Dark Age
Ending age
Imperial Age
RankedLock teamsTeams togetherTeam positionsShared explorationLock speedFull tech treeHidden civsTurbo modeCheats
Victory
Defeat
🇩🇪 Romans · Germany
1126
+15
🇧🇪 Mongols · Belgium
1126
+15
🇫🇷 Burgundians · France
1105
+16
🇳🇴 Vietnamese · Norway
1102
+16
🇺🇸 Portuguese · United States
1163
-17
🇺🇸 Bulgarians · United States
1162
-17
🇩🇪 Mongols · Germany
1066
-14
🇺🇸 Bohemians · United States
1056
-14
Mathias
14:10 Feudal Age
18:37 Castle Age
16:57 Double-Bit Axe
19:18 Loom
22:40 Bow Saw
sassanas
4:04 Loom
14:00 Feudal Age
14:26 Man-at-Arms
18:02 Castle Age
17:41 Fletching
18:53 Double-Bit Axe
18:51 Horse Collar
21:03 Crossbowman
ILLYRIAN A1B
5:49 Loom
11:30 Double-Bit Axe
13:29 Horse Collar
20:08 Feudal Age
19:01 Stone Mining
19:33 Fishing Lines
20:52 Heavy Plow
21:33 Bow Saw
Green Assassin
3:40 Loom
14:12 Feudal Age
15:16 Double-Bit Axe
20:52 Castle Age
20:12 Scale Mail Armor
22:12 Wheelbarrow
25:59 Husbandry
Kryptonknight
8:18 Loom
14:57 Feudal Age
18:47 Castle Age
20:49 Double-Bit Axe
AndrewNAT0R
5:04 Loom
15:32 Feudal Age
22:23 Castle Age
21:05 Double-Bit Axe
25:27 Chemistry
Maverick8564
12:38 Loom
14:41 Feudal Age
18:34 Castle Age
17:03 Double-Bit Axe
19:25 Fletching
20:35 Gold Mining
22:21 Bow Saw
25:01 Wheelbarrow
Mahihan
8:00 Loom
14:59 Feudal Age
15:49 Horse Collar
15:55 Double-Bit Axe
20:57 Castle Age
19:23 Bloodlines
20:35 Fletching
24:00 Bodkin Arrow
24:30 Husbandry
25:33 Wheelbarrow
Connection lost

Rejoining the realm…

Still unreachable

The connection could not be restored.

Session expired

The server has moved on; the page needs a fresh start.